 Dungeon Crawl Stone Soup version 0.22.0-60-ga52c2fcf6e (webtiles) character file.

1011 IceCat the Chiller (level 8, -2/47 (48) HPs)
             Began as an Octopode Ice Elementalist on Sept 10, 2018.
             Was an Elder of Jiyva.
             Slain by a wolf (10 damage)
             ... led by Grum
             ... on level 7 of the Dungeon.
             The game lasted 00:32:19 (7261 turns).

IceCat the Chiller (Octopode Ice Elementalist)      Turns: 7261, Time: 00:32:20

HP:   -2/47 (48)    AC:  3    Str: 10    XL:     8   Next: 21%
MP:   2/14          EV: 14    Int: 17    God:    Jiyva [****..]
Gold: 240           SH:  3    Dex: 12    Spells: 4/15 levels left

rFire    . . .     SeeInvis .   d - +0 dagger (speed)
rCold    . . .     Gourm    .   (no shield)
rNeg     . . .     Faith    .   (helmet restricted)
rPois    .         Spirit   .   u - +3 amulet of reflection
rElec    .         Reflect  +   l - +2 ring of protection
rCorr    +         Harm     .   (no ring)
MR       .....                  (no ring)
Stlth    ++++......             (no ring)
HPRegen  0.15/turn              (no ring)
MPRegen  0.14/turn              (no ring)
                                (no ring)
                                (no ring)

@: no status effects
A: almost no armour, stealthy swim, amphibious, 8 rings, constrict 8, camouflage
1, mutation resistance 1, gelatinous body 1, pseudopods 1
a: Request Jelly, Slimify, Renounce Religion


You were on level 7 of the Dungeon.
You worshipped Jiyva.
Jiyva was greatly pleased with you.
You were very hungry.

You visited 1 branch of the dungeon, and saw 8 of its levels.

You collected 240 gold pieces.

Inventory:

Hand Weapons
 d - a +0 dagger of speed (weapon)
 g - a +0 short sword
Armour
 k - a +0 shield
Magical Staves
 i - an uncursed staff of wizardry
Jewellery
 l - a +2 ring of protection (left tentacle)
 u - a +3 amulet of reflection (around mantle)
Scrolls
 a - a scroll of fear {unknown}
 e - 4 scrolls of identify
 m - 3 scrolls of remove curse {unknown}
 o - a scroll of fog {unknown}
 v - a scroll of amnesia {unknown}
 w - a scroll of enchant weapon {unknown}
Potions
 c - 2 potions of flight
 f - a potion of brilliance {unknown}
 h - a potion of curing
 j - a potion of cancellation {unknown}
 n - 2 potions of mutation {unknown}
 p - a potion of ambrosia {unknown}
 q - a potion of heal wounds {unknown}
 r - a potion of berserk rage {unknown}
 s - a potion of lignification {unknown}
 t - a potion of might {unknown}
Comestibles
 b - 14 rations


   Skills:
 - Level 1.4 Fighting
 - Level 1.5 Short Blades
 + Level 3.6 Dodging
 + Level 5.0 Stealth
 * Level 4.4 Spellcasting
 + Level 3.5 Conjurations
 + Level 1.7 Summonings
 * Level 5.5 Ice Magic


You had 4 spell levels left.
You knew the following spells:

 Your Spells              Type           Power        Failure   Level  Hunger
a - Freeze                Ice            ###.         1%          1    None
b - Throw Frost           Conj/Ice       ###...       3%          2    ##.....
c - Throw Icicle          Conj/Ice       ###.....     22%         4    ####...
d - Summon Ice Beast      Ice/Summ       ###.....     32%         4    ####...

Your spell library contained the following spells:

 Spells                   Type           Power        Failure   Level  Hunger
 Ozocubu's Armour         Chrm/Ice       ##......     14%         3    ###....


Dungeon Overview and Level Annotations

Branches:
Dungeon (8/15)             Temple (0/1) D:6
   Lair: D:8-11

Altars:
Cheibriados
Elyvilon
Hepliaklqana
Makhleb
Nemelex Xobeh
Sif Muna
Uskayaw
Vehumet
Yredelemnul
Jiyva

Annotations:
D:5 1 runed door, Flugkiller's ghost, novice DEEn
D:8 Grum


Innate Abilities, Weirdness & Mutations

You cannot wear most types of armour.
You are very stealthy in the water. (Stealth+)
You are amphibious.
You can wear up to eight rings at the same time.
You can use your tentacles to constrict eight enemies at once.
Your skin changes colour to match your surroundings (Stealth+).
Your rubbery body absorbs attacks. (AC +1, EV +1)
You are somewhat resistant to further mutation.
Armour fits poorly on your pseudopods.


Message History

The puff of frost hits the wolf.
The wolf appears unharmed.
The wolf is heavily wounded.
You are feeling very hungry.
The wolf bites you.
* * * LOW HITPOINT WARNING * * *
The wolf closely misses you.
Casting: Throw Frost (safe; 3% risk of failure)
Confirm with . or Enter, or press ? or * to list all spells.
Aiming: Throw Frost (safe; 3% risk of failure)
Press: ? - help, Shift-Dir - straight line, f/p - wolf
Aim: a wolf (heavily wounded)
The puff of frost misses the wolf.
The wolf bites you.
* * * LOW HITPOINT WARNING * * *
Casting: Throw Frost (safe; 3% risk of failure)
Confirm with . or Enter, or press ? or * to list all spells.
Aiming: Throw Frost (safe; 3% risk of failure)
Press: ? - help, Shift-Dir - straight line, f/p - wolf
Aim: a wolf (heavily wounded)
The puff of frost misses the wolf.
The wolf bites you!
You die...

.# ##.#....##....#####.###
.# #......##....### #.###
## ##########.>...##......#
#.#..
####...........#.###....#.#
#.#.# .......<.......#.#
######.# #.#.#
####...........#.#
####.###.#..
.................#
#...........
####...........h.#
#..........# #
#............@#
#...J......' #
#...........###
#..........# #
#...........# #..........#
####...........#
########.#.#
'..'...........# #.#.#
####..........J# #.#.. #
############# #.### # #....
# #####


You could see a wolf.

Vanquished Creatures
  2 orc warriors (D:6)
  A sky beast (D:7)
  A necrophage (D:7)
  2 ogres
  A bullfrog (D:6)
  A wyvern skeleton (D:7)
  A howler monkey (D:6)
  2 crimson imps
  A bullfrog skeleton (D:4)
  A hound (D:6)
  An orc priest (D:6)
  2 iguanas
  2 orc wizards
  2 worker ants
  5 adders
  A shadow imp (D:6)
  An ooze (D:2)
  An adder zombie (D:6)
  An adder skeleton (D:4)
  6 dart slugs
  4 leopard geckos
  8 orcs
  A ball python (D:5)
  3 bats
  A giant cockroach (D:2)
  5 goblins
  6 hobgoblins
  6 jackals
  2 quokkas
  2 frilled lizards (D:1)
  5 kobolds
  4 rats
82 creatures vanquished.

Vanquished Creatures (collateral kills)
  A phantom (D:7)
1 creature vanquished.

Vanquished Creatures (others)
  2 orc warriors
  2 ogres
  A bullfrog (D:6)
  A scorpion (D:7)
  2 howler monkeys
  29 jellies
  3 crimson imps
  An orc wizard (D:7)
  A worker ant (D:7)
  An adder skeleton (D:6)
  8 orcs
  A giant cockroach (D:6)
  2 quokkas
54 creatures vanquished.

Grand Total: 137 creatures vanquished

Notes
Turn   | Place    | Note
-------+----------+-------------------------------------------
     0 | D:1      | IceCat the Octopode Ice Elementalist began the quest for
                  | the Orb.
     0 | D:1      | Reached XP level 1. HP: 11/11 MP: 3/3
   215 | D:1      | Reached XP level 2. HP: 17/17 MP: 3/5
   257 | D:1      | Learned a level 2 spell: Throw Frost
   550 | D:1      | Reached XP level 3. HP: 11/22 MP: 2/6
  1365 | D:2      | Found a sparkling altar of Nemelex Xobeh.
  1644 | D:2      | Reached XP level 4. HP: 19/27 MP: 2/7
  2365 | D:3      | Found a faded altar of an unknown god.
  2372 | D:3      | Became a worshipper of Jiyva Jyve the Shapeless
  2372 | D:3      | Reached * piety under Jiyva
  2528 | D:3      | Found a burning altar of Makhleb.
  2536 | D:3      | Reached skill level 1 in Fighting
  2577 | D:3      | Found a deep blue altar of Sif Muna.
  2855 | D:4      | Reached XP level 5. HP: 29/33 MP: 3/9
  3024 | D:4      | Learned a level 4 spell: Throw Icicle
  3032 | D:4      | Killed an ogre
  3579 | D:5      | Entered Level 5 of the Dungeon
  3695 | D:5      | Found a snail-covered altar of Cheibriados.
  3698 | D:5      | Found a radiant altar of Vehumet.
  3764 | D:5      | Found a basalt altar of Yredelemnul.
  3967 | D:5      | Found a hazy altar of Hepliaklqana.
  4042 | D:5      | Found a hide-covered altar of Uskayaw.
  4043 | D:5      | Noticed a hand axe
  4043 | D:5      | Noticed a hand axe
  4083 | D:5      | Found a white marble altar of Elyvilon.
  4138 | D:5      | Reached ** piety under Jiyva
  4146 | D:5      | Found a runed door.
  4149 | D:5      | Noticed Flugkiller's ghost (novice DEEn)
  4198 | D:6      | Reached XP level 6. HP: 24/38 MP: 6/10
  4412 | D:6      | Reached skill level 1 in Short Blades
  4784 | D:6      | Noticed an orc warrior
  5234 | D:6      | Learned a level 4 spell: Summon Ice Beast
  5260 | D:6      | Reached XP level 7. HP: 43/43 MP: 0/12
  5485 | D:6      | Reached *** piety under Jiyva
  5615 | D:6      | Gained mutation: You are somewhat resistant to further
                  | mutation. [Jiyva's grace]
  5693 | D:6      | Found a staircase to the Ecumenical Temple.
  5938 | D:6      | Reached skill level 1 in Summonings
  5938 | D:6      | Reached skill level 5 in Ice Magic
  6358 | D:7      | Reached **** piety under Jiyva
  6370 | D:7      | Gained mutation: Armour fits poorly on your pseudopods.
                  | [Jiyva's grace]
  6461 | D:7      | Reached XP level 8. HP: 47/47 MP: 6/14
  6888 | D:7      | Reached skill level 5 in Stealth
  7248 | D:8      | Noticed Grum
  7261 | D:7      | Slain by a wolf

Skill      XL: |  1  2  3  4  5  6  7  8 |
---------------+-------------------------+-----
Stealth        | 3 4 5 |  5.0
Fighting       | 1 |  1.4
Ice Magic      | 4 5 |  5.5
Spellcasting   | 3 4 |  4.4
Conjurations   | 2 3 |  3.5
Short Blades   | 1 |  1.5
Dodging        | 3 |  3.6
Summonings     | 1 |  1.7

Action                   |  1- 3 |  4- 6 |  7- 9 || total
-------------------------+-------+-------+-------++-------
Melee: Unarmed           |    10 |       |       ||    10
       Constrict         |    10 |    16 |     8 ||    34
       Short sword       |     9 |       |       ||     9
       Dagger            |    22 |    60 |    30 ||   112
       Tentacles         |     5 |    20 |     8 ||    33
       Staff             |       |     3 |    15 ||    18
       Pseudopods        |       |       |     3 ||     3
 Cast: Freeze            |    14 |    13 |    21 ||    48
       Throw Frost       |    24 |    28 |    35 ||    87
       Throw Icicle      |       |     4 |    11 ||    15
       Summon Ice Beast  |       |       |     7 ||     7
  Use: Potion            |       |     2 |       ||     2
       Scroll            |       |     1 |       ||     1
 Stab: Sleeping          |     2 |     2 |       ||     4
  Eat: Chunk             |     4 |     8 |     6 ||    18
       Ration            |       |     1 |       ||     1
Armor: Skin              |     2 |     4 |     4 ||    10
Dodge: Dodged            |    24 |    44 |    30 ||    98
Block: Other             |       |     2 |     6 ||     8
